 Dungeon Crawl Stone Soup version 0.19.3-4-gbf9329e (webtiles) character file.

11724 sveltemanboy the Devastator (level 11, -18/94 HPs)
             Began as a Tengu Conjurer on Jan 28, 2017.
             Was an Initiate of Vehumet.
             Killed from afar by Harold (31 damage)
             ... with a bolt of fire
             ... on level 11 of the Dungeon.
             The game lasted 00:45:32 (14073 turns).

sveltemanboy the Devastator (Tengu Conjurer)       Turns: 14073, Time: 00:45:33

Health: -18/94     AC: 25    Str: 14    XL:     11   Next: 82%
Magic:  0/21       EV:  2    Int: 23    God:    Vehumet [......]
Gold:   1678       SH:  5    Dex: 14    Spells: 7 memorised, 0 levels left

rFire  . . .     SeeInvis .     b - +2 falchion (protect)
rCold  + . .     Gourm    .     (armour currently unavailable)
rNeg   + + +     Faith    +     o - +0 buckler
rPois  +         Spirit   .     (helmet currently unavailable)
rElec  .         Reflect  .     (cloak currently unavailable)
rCorr  .         Harm     .     (gloves currently unavailable)
MR     +....     Clarity  +     (boots unavailable)
Stlth  ++........ NoTele   +    H - amulet of Votoajung {Faith +Fly MR+ Int+4}
                                y - ring of wizardry
                                O - ring of Siwkelel {rC+ Str+5}

@: tree-form
A: (beak), (talons 0), clarity, able to fly 1
a: Fly, Renounce Religion


You were on level 11 of the Dungeon.
You worshipped Vehumet.
Vehumet was noncommittal.
You were hungry.
You were a tree.
You visited 2 branches of the dungeon, and saw 12 of its levels.
You also visited: Trove.

You collected 1678 gold pieces.

Inventory:

Hand Weapons
 a - a +4 long sword of holy wrath
 b - a +2 falchion of protection (weapon)
Armour
 o - a +0 buckler (worn)
 B - the +3 ring mail of Anaesthesia (melded) {rC- rN+++ Regen+ rCorr}
   (You found it on level 5 of the Dungeon)

   It makes you vulnerable to cold.
   It renders you almost immune to negative energy.
   It increases your rate of regeneration.
   It protects you from acid and corrosion.
 F - a +0 pair of gloves (melded)
Jewellery
 p - an uncursed ring of poison resistance
 y - a ring of wizardry (right branch)
 H - the amulet of Votoajung (around neck) {Faith +Fly MR+ Int+4}
   (You found it on level 8 of the Dungeon)

   [amulet of faith]

   It allows you to gain divine favour quickly.
   It affects your intelligence (+4).
   It affects your resistance to hostile enchantments.
   It lets you fly.
 O - the ring of Siwkelel (left branch) {rC+ Str+5}
   (You found it in a treasure trove)

   [ring of protection from cold]

   It affects your strength (+5).
   It protects you from cold.
Wands
 M - a wand of enslavement (10/24)
 Q - a wand of lightning (0/15)
Scrolls
 h - 10 scrolls of remove curse
 j - 4 scrolls of teleportation
 l - 3 scrolls of enchant armour {unknown}
 u - 2 scrolls of magic mapping {unknown}
 v - 3 scrolls of enchant weapon {unknown}
 w - 4 scrolls of fog {unknown}
 z - a scroll of blinking {unknown}
 A - a scroll of brand weapon {unknown}
 D - 2 scrolls of vulnerability {unknown}
 E - 3 scrolls of noise {unknown}
 I - a scroll of random uselessness {unknown}
 J - a scroll of fear {unknown}
 L - a scroll of recharging {unknown}
Potions
 g - a potion of invisibility
 i - 2 potions of might
 n - a potion of resistance
 q - a potion of brilliance
 r - a potion of cancellation
 s - 2 potions of haste
 t - 2 potions of heal wounds
 G - 2 potions of curing
 P - 3 potions of mutation {unknown}
Books
 K - a book of Air

   Spells                             Type                      Level
   a - Shock                          Conjuration/Air              1
   b - Swiftness                      Charms/Air                   2
   c - Repel Missiles                 Charms/Air                   2
   d - Static Discharge               Conjuration/Air              3
   e - Lightning Bolt                 Conjuration/Air              5
Comestibles
 c - 10 bread rations
 d - 2 fruits
 m - 5 meat rations
 x - 8 beef jerkies
 C - a slice of pizza
 N - 2 chunks of flesh


   Skills:
 - Level 5.0 Fighting
 + Level 1.8 Long Blades
 - Level 3.4 Armour
 - Level 2.1 Dodging
 - Level 2.0 Stealth
 - Level 6.0 Shields
 - Level 6.0 Spellcasting
 * Level 17.2 Conjurations
 - Level 3.0 Hexes
 - Level 3.1 Charms


You couldn't memorise any spells.
You knew the following spells:

 Your Spells              Type           Power        Failure   Level  Hunger
a - Magic Dart            Conj           ####         0%          1    None
b - Searing Ray           Conj           ######       0%          2    None
c - Iskenderun's Mystic   Conj           ######..     1%          4    ###....
d - Iskenderun's Battles  Conj/Chrm      ######..     1%          5    #####..
e - Fulminant Prism       Conj/Hex       ######....   1%          4    ###....
f - Dazzling Spray        Conj/Hex       ######       1%          3    #......
g - Mephitic Cloud        Conj/Pois/Air  ####....     1%          3    #......


Dungeon Overview and Level Annotations

Branches:
Dungeon (11/15)            Temple (1/1) D:7            Lair (0/6) D:10
    Orc (0/2) D:10

Altars:
Ashenzari
Cheibriados
Elyvilon
Kikubaaqudgha
Makhleb
Okawaru
Trog
Uskayaw
Vehumet
Xom
Yredelemnul
The Shining One

Shops:
D:6 %   D:8 *=%[

Annotations:
D:6 1 runed door
D:11 Harold


Innate Abilities, Weirdness & Mutations

((You have a beak for a mouth.))
((You have claws for feet.))
You can fly.
You possess an exceptional clarity of mind.


Message History

Zapping:
Q - a wand of lightning {zapped: 5} (will waste charges)
Press: ? - help, Shift-Dir - straight line, f/p - Harold
Aim: Harold, wielding a trident and wearing a ring mail (severely wounded) Nothing appears to happen.
Harold gestures at you while chanting. The bolt of fire hits you!
* * * LOW HITPOINT WARNING * * *
Casting: Magic Dart
Confirm with . or Enter, or press ? or * to list all spells.
Aiming: Magic Dart
Press: ? - help, Shift-Dir - straight line, f/p - Harold
Aim: Harold, wielding a trident and wearing a ring mail (severely wounded)
The magic dart hits Harold.
Harold is severely wounded.
Your battlesphere fires!
The barrage of energy hits Harold.
Harold is severely wounded.
Harold casts a spell at you. The bolt of fire hits you!
You die...

..........
#.........
#......... #.#
#.# #u### #...#
#######.#####
.........@.♣#
#######.###.#####
#.###.*...###
#..######(..##
##.## ###<.+ #..#
#### ##.# #.# #.#


You could see Harold and a friendly battlesphere.

Vanquished Creatures
  Nergalle (D:10)
  Sonja (D:10)
  2 hill giants
  Pikel (D:5)
  An ugly thing (D:11)
  A komodo dragon (D:10)
  A troll (D:9)
  A two-headed ogre (D:8)
  2 hippogriffs
  14 yaks
  A wyvern (D:8)
  The ghost of sankara the Slasher, an amateur DrMo of Okawaru (D:4)
  A hungry ghost (D:8)
  A soldier ant (D:6)
  An ice beast (D:5)
  Duvessa (D:5)
  7 sky beasts
  4 orc warriors
  2 black bears
  A phantom (D:8)
  3 ogres
  5 centaurs
  3 crocodiles
  Blork the orc (D:5)
  4 big kobolds
  3 bullfrogs
  A wyvern skeleton (D:9)
  5 scorpions
  A killer bee (D:6)
  A wight (D:10)
  8 howler monkeys
  A centaur zombie (D:6)
  2 crimson imps
  2 jellies
  7 hounds
  2 bullfrog skeletons
  9 orc priests
  9 orc wizards
  2 centaur skeletons
  17 worker ants
  Ijyb (D:2)
  2 iguanas
  2 killer bee zombies
  3 hound skeletons
  2 worker ant zombies
  7 adders
  3 shadow imps
  An ooze (D:1)
  An adder zombie (D:6)
  An adder skeleton (D:8)
  6 worms
  3 dart slugs
  6 leopard geckos
  58 orcs
  5 bats
  6 giant cockroaches
  6 goblins
  11 hobgoblins
  14 jackals
  22 kobolds
  6 quokkas
  2 ball pythons
  7 frilled lizards
  15 rats
321 creatures vanquished.

Vanquished Creatures (others)
  2 slaves (D:5)
  Dowan (D:5)
  A hound (D:7)
  A worker ant (D:7)
  A shadow imp (D:5)
  2 orcs (D:7)
  A quokka (D:7)
  11 fulminant prisms
20 creatures vanquished.

Grand Total: 341 creatures vanquished

Notes
Turn   | Place    | Note
-------+----------+-------------------------------------------
     0 | D:1      | sveltemanboy the Tengu Conjurer began the quest for the Orb.
     0 | D:1      | Reached XP level 1. HP: 10/10 MP: 4/4
    81 | D:1      | Reached XP level 2. HP: 15/15 MP: 0/6
   181 | D:1      | Reached skill level 6 in Conjurations
   457 | D:1      | Learned a level 2 spell: Searing Ray
   541 | D:1      | Reached XP level 3. HP: 19/19 MP: 4/7
   788 | D:1      | Reached skill level 1 in Armour
  1493 | D:2      | Reached XP level 4. HP: 24/24 MP: 4/8
  1861 | D:2      | Reached skill level 7 in Conjurations
  2053 | D:2      | Noticed Ijyb
  2068 | D:2      | Killed Ijyb
  2318 | D:2      | Gained mutation: You can fly. [Tengu growth]
  2318 | D:2      | Reached XP level 5. HP: 28/28 MP: 7/9
  2877 | D:3      | Reached skill level 1 in Fighting
  2936 | D:3      | Found a faded altar of an unknown god.
  2996 | D:3      | Learned a level 4 spell: Iskenderun's Mystic Blast
  3448 | D:4      | Reached skill level 8 in Conjurations
  3570 | D:4      | Reached skill level 1 in Shields
  3638 | D:4      | Reached XP level 6. HP: 34/34 MP: 2/10
  3650 | D:4      | Noticed sankara's ghost (amateur DrMo)
  4061 | D:4      | Killed sankara's ghost
  4061 | D:4      | Reached skill level 9 in Conjurations
  4061 | D:4      | Reached XP level 7. HP: 34/38 MP: 2/11
  4274 | D:5      | Entered Level 5 of the Dungeon
  4279 | D:5      | Noticed Blork the orc
  4291 | D:5      | Killed Blork the orc
  4684 | D:5      | Reached skill level 10 in Conjurations
  4687 | D:5      | Reached XP level 8. HP: 26/43 MP: 0/12
  5000 | D:5      | Got a smoking ring mail
  5011 | D:5      | Identified the +3 ring mail of Anaesthesia {rC- rN+++ Regen+ rCorr} (You found it on level 5 of the Dungeon)
  5074 | D:5      | Noticed Pikel
  5081 | D:5      | Killed Pikel
  5081 | D:5      | Reached skill level 11 in Conjurations
  5211 | D:5      | Noticed Dowan
  5214 | D:5      | Noticed Duvessa
  5249 | D:5      | Killed Duvessa
  5253 | D:5      | Killed Dowan
  5771 | D:5      | Reached skill level 12 in Conjurations
  5771 | D:5      | Reached XP level 9. HP: 47/47 MP: 7/13
  5828 | D:5      | Learned a level 5 spell: Iskenderun's Battlesphere
  5867 | D:5      | Reached skill level 1 in Charms
  6556 | D:6      | Found a runed door.
  6574 | D:6      | Found a runed door.
  6610 | D:6      | Noticed a hill giant
  6623 | D:6      | Killed a hill giant
  6960 | D:6      | Found Iffom's Food Shoppe.
  7158 | D:6      | Reached skill level 13 in Conjurations
  7736 | D:7      | Learned a level 4 spell: Fulminant Prism
  7813 | D:7      | Reached XP level 10. HP: 52/52 MP: 7/17
  8005 | D:7      | Found a shimmering altar of Xom.
  8351 | D:7      | Found a staircase to the Ecumenical Temple.
  8359 | Temple   | Entered the Ecumenical Temple
  8397 | Temple   | Became a worshipper of Vehumet
  8466 | D:7      | Reached skill level 1 in Hexes
  9244 | D:8      | Reached skill level 14 in Conjurations
  9277 | D:8      | Got an ancient iron amulet
  9278 | D:8      | Identified the amulet of Votoajung {Faith +Fly MR+ Int+4} (You found it on level 8 of the Dungeon)
  9301 | D:8      | Found Amiagone's General Store.
  9352 | D:8      | Found Teozyete's Food Shop.
  9655 | D:8      | Found Hiuticeu's Armour Shoppe.
  9677 | D:8      | Reached skill level 5 in Spellcasting
  9746 | D:8      | Learned a level 3 spell: Dazzling Spray
  9752 | D:8      | Found Umifamirph's Jewellery Boutique.
 10196 | D:8      | You fall through a shaft!
 10206 | D:9      | Reached * piety under Vehumet
 10206 | D:9      | Offered knowledge of Sting by Vehumet.
 10341 | D:9      | Reached skill level 15 in Conjurations
 10852 | D:9      | Reached XP level 11. HP: 51/57 MP: 11/20
 11780 | D:9      | Offered knowledge of Throw Frost by Vehumet.
 11784 | D:9      | Reached ** piety under Vehumet
 12242 | D:10     | Entered Level 10 of the Dungeon
 12272 | D:10     | Noticed a hill giant
 12278 | D:10     | Noticed Sonja
 12351 | D:9      | Reached skill level 16 in Conjurations
 12579 | D:9      | Offered knowledge of Mephitic Cloud by Vehumet.
 12632 | D:9      | Learned a level 3 spell: Mephitic Cloud
 12701 | D:10     | Found a staircase to the Lair.
 12712 | D:10     | Noticed Nergalle
 12834 | D:10     | Reached *** piety under Vehumet
 12836 | D:10     | Killed Sonja
 13078 | D:10     | Killed a hill giant
 13115 | D:10     | Gained mutation: You possess an exceptional clarity of mind. [potion of beneficial mutation]
 13331 | D:10     | Offered knowledge of Stone Arrow by Vehumet.
 13576 | D:10     | Reached **** piety under Vehumet
 13576 | D:10     | Reached skill level 17 in Conjurations
 13582 | D:10     | Found a staircase to the Orcish Mines.
 13622 | D:10     | Found a portal to a secret trove of treasure.
 13639 | D:10     | Offered knowledge of Irradiate by Vehumet.
 13655 | Trove    | Entered a treasure trove
 13676 | Trove    | Got a slimy iron ring
 13680 | Trove    | Got a faintly glowing lead ring
 13694 | Trove    | Identified the ring of Paraukk {+Blink +Fly EV+4 Str-5 Slay+4} (You found it in a treasure trove)
 13696 | Trove    | Identified the ring of Siwkelel {rC+ Str+5} (You found it in a treasure trove)
 13877 | D:10     | Killed Nergalle
 13877 | D:10     | Reached skill level 1 in Long Blades
 14041 | D:11     | Noticed a purple ugly thing
 14042 | D:11     | Noticed Harold
 14054 | D:11     | Killed a purple ugly thing
 14054 | D:11     | Reached skill level 5 in Fighting
 14073 | D:11     | Killed from afar by Harold

Skill      XL: |  1  2  3  4  5  6  7  8  9 10 11 |
---------------+----------------------------------+-----
Conjurations   | 6 7 8 9 10 12 13 15 17 | 17.2
Armour         | 1 2 3 |  3.4
Fighting       | 1 5 |  5.0
Shields        | 1 3 4 6 |  6.0
Charms         | 3 |  3.1
Spellcasting   | 4 5 6 |  6.0
Hexes          | 3 |  3.0
Long Blades    | 1 |  1.8
Dodging        | |  2.1
Stealth        | |  2.0

Action                   |  1- 3 |  4- 6 |  7- 9 | 10-12 || total
-------------------------+-------+-------+-------+-------++-------
Melee: Unarmed           |    12 |     6 |    19 |       ||    37
       Kick              |     2 |     1 |    13 |     9 ||    25
       Peck              |       |     1 |    10 |     7 ||    18
       Long sword        |       |       |    26 |    11 ||    37
       Falchion          |       |       |       |    30 ||    30
 Cast: Magic Dart        |    74 |    62 |    69 |   160 ||   365
       Searing Ray       |     3 |    15 |    42 |    61 ||   121
       Iskenderun's Myst |       |       |     3 |     8 ||    11
       Fulminant Prism   |       |       |     2 |     9 ||    11
       Iskenderun's Batt |       |       |       |    17 ||    17
       Dazzling Spray    |       |       |       |     3 ||     3
Evoke: Wand              |       |       |     1 |     4 ||     5
  Use: Scroll            |       |       |     5 |     4 ||     9
       Potion            |       |       |       |     9 ||     9
  Eat: Chunk             |     3 |     9 |    13 |    25 ||    50
       Beef jerky        |       |       |     1 |       ||     1
       Fruit             |       |       |       |     2 ||     2
Armor: Robe              |     5 |       |     6 |       ||    11
       Leather armour    |       |     4 |       |       ||     4
       Ring mail         |       |       |    37 |    61 ||    98
       Skin              |       |       |       |     3 ||     3
Dodge: Dodged            |     8 |    14 |    70 |    74 ||   166
Block: Buckler           |       |       |    20 |    55 ||    75
       Rpst.: Long sword |       |       |    12 |     9 ||    21
       Falchion          |       |       |       |     2 ||     2
